Map: New Gettysburg LE

Players

Drager

  • Race: Protoss Protoss
  • League: Master

Stephano - Winner!

  • Race: Zerg Zerg
  • League: Master

VOD

https://www.youtube.com/channel/UCcSgNfDNxvyisU-eCj9xyNg/playlists

Description

Time

  • Played on: Aug. 28, 2016, 4:03 a.m.
  • Length: 12:18
Show
View Real Time Build Order
Export as new Build Order

Drager Protoss 

Build Orders: 1 Gate Expand 

Get SALT Encoding   

  12  0:01  Probe (Chrono Boost)  
  13  0:11  Probe (Chrono Boost)  
  14  0:18  Pylon  
  14  0:23  Probe (Chrono Boost)  
  15  0:36  Probe (Chrono Boost)  
  15  0:41  Gateway  
  16  0:46  Probe (Chrono Boost)  
  16  0:47  Assimilator  
  17  0:57  Probe (Chrono Boost)  
  18  1:08  Probe (Chrono Boost)  
  19  1:24  Nexus  
  19  1:26  Probe (Chrono Boost)  
  20  1:36  Cybernetics Core  
  20  1:39  Probe (Chrono Boost)  
  21  1:50  Probe (Chrono Boost)  
  21  1:51  Assimilator  
  22  2:00  Pylon  
  22  2:03  Probe (Chrono Boost)  
  22  2:07  Pylon  
  23  2:14  Adept  
  22  2:17  Warp Gate  
  22  2:21  Probe (Chrono Boost)  
  25  2:31  Twilight Council  
  25  2:33  Probe (Chrono Boost)  
  25  2:36  Probe (Chrono Boost)  
  28  2:45  Probe (Chrono Boost)  
  28  2:47  Probe (Chrono Boost)  
  28  2:49  Adept  
  29  2:54  Resonating Glaives  
  29  2:57  Probe (Chrono Boost)  
  30  3:01  Probe (Chrono Boost)  
  31  3:10  Probe (Chrono Boost)  
  31  3:12  Probe (Chrono Boost)  
  33  3:22  Probe x2 (Chrono Boost)  
  33  3:24  Adept  
  33  3:25  Gateway  
  37  3:35  Probe (Chrono Boost), Gateway  
  37  3:36  Probe (Chrono Boost)  
  39  3:45  Probe (Chrono Boost)  
  39  3:46  Pylon  
  39  3:48  Probe (Chrono Boost)  
  41  3:55  Stargate  
  41  3:56  Probe (Chrono Boost), Stargate  
  41  4:00  Probe (Chrono Boost)  
  43  4:06  Probe (Chrono Boost)  
  44  4:10  Pylon  
  44  4:12  Probe (Chrono Boost)  
  44  4:16  Assimilator  
  45  4:17  Assimilator  
  45  4:21  Adept x2  
  49  4:24  Probe (Chrono Boost), Pylon  
  49  4:26  Probe (Chrono Boost), Pylon  
  51  4:33  Adept  
  51  4:35  Probe (Chrono Boost)  
  54  4:39  Phoenix x2  
  58  4:50  Adept  
  58  4:51  Adept  
  62  4:54  Adept  
  66  5:01  Probe x2 (Chrono Boost)  
  66  5:02  Phoenix x2  
  70  5:15  Pylon  
  70  5:23  Phoenix  
  70  5:24  Phoenix  
  74  5:36  Nexus  
  74  5:37  Pylon  
  74  5:46  Phoenix x2  
  77  5:57  Pylon  
  77  6:00  Pylon  
  77  6:01  Pylon  
  77  6:08  Probe (Chrono Boost)  
  78  6:15  Phoenix x2  
  83  6:18  Nexus  
  83  6:20  Probe (Chrono Boost), Pylon  
  83  6:23  Probe (Chrono Boost)  
  84  6:31  Pylon  
  82  6:36  Mothership Core (Chrono Boost), Phoenix x2  
  82  6:38  Adept x3  
  94  6:51  Probe (Chrono Boost)  
  93  6:55  Pylon  
  93  6:58  Phoenix x2  
  93  7:08  Pylon  
  99  7:10  Probe x2 (Chrono Boost)  
  99  7:20  Phoenix x2  
  103  7:30  Adept x3  
  103  7:31  Probe (Chrono Boost)  
  103  7:32  Probe (Chrono Boost)  
  103  7:33  Probe (Chrono Boost)  
  112  7:42  Probe (Chrono Boost)  
  115  7:45  Probe x2 (Chrono Boost)  
  115  7:52  Phoenix x2  
  115  7:53  Gateway  
  115  7:55  Gateway  
  115  7:56  Gateway  
  120  7:58  Gateway  
  120  7:59  Probe (Chrono Boost)  
  118  8:07  Adept x3  
  123  8:13  Probe (Chrono Boost)  
  123  8:14  Robotics Facility, Phoenix  
  125  8:25  Phoenix  
  127  8:37  Adept x2  
  127  8:38  Adept  
  133  8:41  Pylon  
  133  8:43  Pylon  
  133  8:45  Pylon  
  133  8:46  Pylon  
  133  8:50  Pylon  
  133  8:56  Phoenix  
  133  9:01  Probe (Chrono Boost)  
  136  9:05  Phoenix  
  136  9:15  Warp Prism  
  132  9:19  Phoenix, Adept x7  
  150  9:27  Pylon, Probe (Chrono Boost), Phoenix  
  150  9:28  Probe x2 (Chrono Boost)  
  153  9:47  Adept x7  
  153  9:50  Phoenix x2  
  171  10:11  Adept x5  
  112  11:02  Probe (Chrono Boost)  
  112  11:03  Adept x2  
  112  11:04  Adept x5  
  78  11:26  Phoenix, Adept x5  
  78  11:27  Adept x2  
  93  11:42  Pylon x2  
  95  12:03  Adept x3  
  95  12:06  Adept  
Show
View Real Time Build Order
Export as new Build Order

Stephano Zerg - Winner!

Build Orders: Pool First 

Get SALT Encoding   

  12  0:00  Drone  
  13  0:13  Overlord  
  13  0:18  Drone  
  14  0:32  Drone x2  
  14  0:35  Drone  
  17  0:47  Spawning Pool  
  17  0:49  Drone  
  17  0:56  Extractor  
  17  0:57  Drone  
  17  1:11  Drone  
  18  1:20  Drone  
  18  1:23  Hatchery  
  18  1:35  Zergling x2  
  18  1:36  Queen  
  21  1:40  Zergling x2  
  22  1:55  Zergling x2, Extractor  
  22  1:59  Metabolic Boost  
  23  2:05  Overlord  
  23  2:23  Queen  
  23  2:24  Drone  
  23  2:27  Drone  
  27  2:36  Queen  
  29  2:50  Drone  
  29  2:52  Drone x2  
  29  2:55  Drone  
  29  2:56  Drone x3  
  34  3:04  Hatchery  
  32  3:07  Drone  
  32  3:10  Drone  
  34  3:16  Overlord  
  34  3:22  Overlord  
  34  3:27  Extractor  
  33  3:39  Drone x2  
  33  3:40  Drone x6  
  41  3:42  Drone  
  41  3:47  Roach Warren  
  41  3:53  Drone  
  41  3:54  Drone  
  43  3:58  Zergling x2  
  43  4:02  Queen  
  44  4:04  Zergling x8  
  44  4:09  Overlord  
  50  4:22  Zergling x6  
  53  4:25  Drone x2  
  53  4:26  Drone  
  56  4:32  Evolution Chamber x2  
  56  4:34  Roach  
  56  4:35  Roach x3  
  62  4:48  Drone x3  
  62  4:49  Drone  
  62  4:50  Spore Crawler  
  62  4:52  Drone  
  66  5:05  Overlord x2  
  66  5:07  Spore Crawler  
  66  5:09  Zerg Ground Armor Level 1, Zerg Melee Weapons Level 1  
  65  5:20  Overlord x2  
  65  5:24  Zergling x2  
  65  5:25  Zergling x16  
  74  5:37  Overlord x2  
  74  5:38  Drone  
  75  5:47  Drone x3  
  75  5:48  Drone  
  78  6:02  Drone x2  
  78  6:03  Overlord  
  80  6:05  Drone x3  
  80  6:06  Queen  
  80  6:10  Lair  
  85  6:12  Zergling x12  
  85  6:13  Ravager  
  92  6:21  Spore Crawler  
  91  6:29  Queen  
  89  6:33  Zergling x10  
  91  6:41  Queen  
  91  6:43  Overlord  
  91  6:45  Drone  
  91  6:46  Drone x4  
  98  6:48  Extractor  
  98  6:50  Extractor  
  98  6:54  Drone x3  
  93  7:00  Drone x3  
  97  7:05  Queen  
  97  7:06  Spore Crawler  
  98  7:09  Baneling Nest  
  98  7:12  Spore Crawler  
  96  7:17  Queen  
  96  7:22  Drone x3  
  95  7:23  Drone x4  
  95  7:30  Drone x3  
  95  7:31  Drone  
  95  7:34  Zerg Melee Weapons Level 2, Zerg Ground Armor Level 2  
  99  7:40  Queen x2  
  103  7:45  Drone  
  104  7:53  Queen  
  105  7:59  Zergling x2  
  105  8:01  Overlord x4  
  103  8:08  Centrifical Hooks  
  103  8:11  Infestation Pit  
  102  8:16  Queen x2  
  106  8:24  Zergling x2  
  106  8:25  Zergling x22  
  106  8:26  Spore Crawler  
  117  8:40  Ravager  
  117  8:41  Baneling x2  
  117  8:42  Baneling x5  
  117  8:43  Baneling x2  
  117  8:45  Zergling x18  
  117  8:46  Hatchery  
  120  9:18  Drone x5  
  120  9:19  Zergling x20  
  120  9:21  Baneling x6  
  120  9:22  Baneling x11  
  135  9:28  Hive  
  135  9:51  Drone x3  
  138  9:54  Overlord x3  
  138  10:02  Pneumatized Carapace  
  138  10:03  Baneling x3  
  138  10:04  Baneling x6  
  137  10:07  Baneling x2  
  137  10:08  Zergling x14, Baneling x2  
  137  10:10  Overlord x3  
  144  10:23  Zergling x20  
  144  10:40  Baneling x13  
  144  10:41  Baneling x8  
  144  10:42  Zergling x2  
  142  10:43  Zergling x12  
  131  10:54  Zergling x8  
  124  10:59  Queen x2  
  124  11:02  Zergling x4  
  111  11:12  Queen x2  
  113  11:24  Zergling x2  
  113  11:25  Zergling x18  
  112  11:35  Queen x2  
  110  11:50  Zergling x2  
  110  11:51  Zergling x16  
Tags
 
Add a new tag
Caveats
  • Supply blocks, unpowered buildings, or Contaminate may cause inaccurate times.
  • Supply counts are checked every 10 seconds.